 Dungeon Crawl Stone Soup version 0.27.1-34-g3ba077fa99 (webtiles) character file.

Game seed: 7922962909276597648

171 Arum the Shield-Bearer (level 5, 0/43 HPs)
             Began as a Formicid Fighter on Jan 3, 2022.
             Succumbed to an orc wizard's poison
             ... on level 4 of the Dungeon.
             The game lasted 00:04:06 (3567 turns).

Arum the Shield-Bearer (Formicid Fighter)           Turns: 3567, Time: 00:04:07

Health: 0/43       AC:  7    Str: 20    XL:     5   Next: 81%
Magic:  5/5        EV:  8    Int:  8    God:
Gold:   95         SH:  0    Dex: 11    Spells: 4/4 levels left

rFire    . . .     SeeInvis +   a - +0 flail
rCold    . . .     Faith    .   c - +0 kite shield
rNeg     . . .     Spirit   .   b - +0 scale mail
rPois    +         Reflect  .   (helmet unavailable)
rElec    .         Harm     .   (no cloak)
rCorr    +         Rampage  .   (no gloves)
Will     .....                  (no boots)
Stlth    ..........             (no amulet)
HPRegen  0.14/turn              m - ring of resist corrosion
MPRegen  0.09/turn              l - ring of poison resistance

@: confused, mighty, lethally poisoned (0 -> -26)
A: permanent stasis, dig shafts and tunnels, antennae 3, four strong arms
a: Dig, Shaft Self


You were on level 4 of the Dungeon.
You visited 1 branch of the dungeon, and saw 4 of its levels.

You collected 95 gold pieces.

Inventory:

Hand Weapons
 a - a +0 flail (weapon)
Armour
 b - a +0 scale mail (worn)
 c - a +0 kite shield (worn)
Jewellery
 k - a ring of magical power
 l - a ring of poison resistance (right hand)
 m - a ring of resist corrosion (left hand)
Scrolls
 e - a scroll of silence {unknown}
 f - a scroll of acquirement {unknown}
 h - a scroll of identify {unknown}
 j - a scroll of immolation {unknown}
 n - a scroll of noise {unknown}
Potions
 d - 2 potions of might
 g - a potion of attraction
 i - a potion of haste


   Skills:
 + Level 4.3 Fighting
 + Level 3.2 Maces & Flails
 + Level 4.3 Armour
 + Level 4.8 Shields


You had 4 spell levels left.
You didn't know any spells.
Your spell library contained the following spells:

 Spells                   Type           Power      Damage    Failure   Level
 Corona                   Hex            0%         N/A       96%         1
 Ensorcelled Hibernation  Hex/Ice        0%         N/A       99%         2
 Call Canine Familiar     Summ           0%         N/A       100%        3
 Portal Projectile        Hex/Tloc       0%         N/A       100%        3
 Tukima's Dance           Hex            0%         N/A       100%        3
 Leda's Liquefaction      Hex/Erth       0%         N/A       100%        4


Dungeon Overview and Level Annotations

Branches:
Dungeon (4/15)
 Temple: D:4-7

Altars:

Annotations:
D:3 1 runed translucent door, Jazqba's ghost, amateur HONe


Innate Abilities, Weirdness & Mutations

You cannot be hasted, slowed, berserked, paralysed or teleported.
You can dig through walls and to a lower floor.
You have a pair of large antennae on your head. (SInv)
Your four strong arms can wield two-handed weapons with a shield.


Message History

You feel very sick.
The orc wizard points at you and mumbles some strange words.
You are confused.
You are too confused!
You are too confused!
You are too confused!
You are too confused!
You are too confused!
You are too confused!
You are too confused!
You are too confused!
You are too confused!
You are too confused!
You are too confused!
You are too confused!
You are too confused!
You are too confused!
You are too confused!
You are too confused!
You are too confused!
You are too confused!
You bump into the rock wall.
You feel sick.
The orc wizard hits you with a +0 dagger of venom.
You bump into the rock wall.
You feel sick.
The orc wizard hits you with a +0 dagger of venom.
You are more poisoned.
You bump into the rock wall.
You feel very sick.
The orc wizard hits you with a +0 dagger of venom.
You hit the orc wizard.
The orc wizard is almost dead.
* * * LOW HITPOINT WARNING * * *
You feel very sick.
The orc wizard hits you with a +0 dagger of venom.
* * * LOW HITPOINT WARNING * * *
You are more poisoned.
The orc wizard hits you but does no damage.
You are more poisoned.
You feel very mighty all of a sudden.
You die...

.....######...........
....#######...........
......................
.<..###<..............
. #..............?
#.....o.........
........{o#######
###########o# #@## ###


You could see an orc wizard (invisible).

Vanquished Creatures
  A scorpion (D:2)
  2 adders
  13 orcs (D:3)
  5 bats
  10 endoplasms
  5 giant cockroaches
  3 goblins
  4 hobgoblins
  4 jackals (D:1)
  3 kobolds
  7 quokkas
  11 ball pythons
  4 frilled lizards
  3 rats
75 creatures vanquished.

Notes
Turn   | Place    | Note
-------+----------+-------------------------------------------
     0 | D:1      | Arum the Formicid Fighter began the quest for the Orb.
     0 | D:1      | Reached XP level 1. HP: 18/18 MP: 1/1
   120 | D:1      | Reached XP level 2. HP: 24/24 MP: 2/2
   580 | D:1      | Reached XP level 3. HP: 29/29 MP: 3/3
  1819 | D:2      | Reached XP level 4. HP: 37/37 MP: 4/4
  1908 | D:2      | Noticed a scorpion
  1931 | D:2      | Killed a scorpion
  1932 | D:2      | Reached XP level 5. HP: 17/42 MP: 5/5
  3260 | D:3      | Found a runed translucent door.
  3261 | D:3      | Noticed Jazqba's ghost (amateur HONe)
  3567 | D:4      | Succumbed to an orc wizard's poison

Illustrated notes

Levels and vault maps discovered:
D:1:      heliophobic_arrival_enchanted_forest, layout_basic
D:2:      layout_basic
D:3:      layout_basic, ebering_ghost_reflecting_pool,
          minmay_misc_feat_nine_boxes
D:4:      layout_rooms, minitemple

Skill      XL: |  1  2  3  4  5 |
---------------+----------------+-----
Shields        | 4 |  4.8
Fighting       | 4 |  4.3
Armour         | 4 |  4.3
Maces & Flails | 3 |  3.2

Action                   |  1- 3 |  4- 6 || total
-------------------------+-------+-------++-------
Melee: Flail             |   140 |   152 ||   292
 Abil: Dig               |       |     1 ||     1
  Use: Potion            |       |     4 ||     4
Armor: Scale mail        |    67 |    65 ||   132
Dodge: Dodged            |    54 |    55 ||   109
Block: Kite shield       |    91 |    83 ||   174
